[Event "ICC tourney 1904 (10 3)"]
[Site "Internet Chess Club"]
[Date "2020.07.05"]
[Round "6"]
[White "LChessMaster"]
[Black "shamith"]
[Result "0-1"]
[ICCResult "White checkmated"]
[WhiteElo "1531"]
[BlackElo "1447"]
[Opening "Sicilian defense"]
[ECO "B30"]
[NIC "SI.31"]
[Time "15:11:45"]
[TimeControl "600+3"]

1. e4 c5 2. Nf3 Nc6 3. c3 Nf6 4. e5 Nd5 5. d4 cxd4 6. cxd4 d6 7. exd6 e6 8.
Nc3 Nxc3 9. bxc3 Bxd6 10. Bd3 O-O 11. Qc2 h6 12. h4 e5 13. d5 Ne7 14. Bh7+
Kh8 15. Ng5 f5 16. g4 g6 17. c4 hxg5 18. hxg5 Kg7 19. c5 Qa5+ 20. Bd2 Qxc5
21. Qb3 Qxd5 22. Qh3 Qe4+ 23. Kd1 Qxg4+ 24. Kc2 Qxh3 25. Rxh3 Be6 26. f4 e4
27. Bc3+ Kf7 28. Rd1 Bc7 29. Bb4 Nd5 30. Bxf8 Rxf8 31. Rb1 Bb6 32. Kd2 Nxf4
33. Rc3 Ba5 34. Rxb7+ Ke8 35. Rb8+ Ke7 36. Rb7+ Kd6 37. Rxa7 Bxc3+ 38. Kxc3
Rf7 39. Ra6+ Ke7 40. Bg8 Rf8 41. Ra7+ Bd7 42. Bc4 Rc8 43. Kd4 Kd6 44. Ra6+
Rc6 45. Ra7 Be6 46. Bb5 Rb6 47. a4 Nh3 48. Rg7 Nxg5 49. Rxg6 Nf3+ 50. Ke3
Ke5 51. Rg7 f4+ 52. Kf2 Nd4 53. Rg5+ Bf5 54. Bc4 Rb4 55. Bf1 e3+ 56. Kg1 e2
57. Bxe2 Nxe2+ 58. Kf2 Ng3 59. Rg8 Rb2+ 60. Kf3 Be4+ 61. Kg4 Ne2 62. Re8+
Kd4 63. Rd8+ Ke3 64. Rf8 f3 65. a5 Ra2 66. a6 Rxa6 67. Kh3 Rh6+ 68. Kg4 f2
69. Kg5 Rh1 70. Kg4 f1=Q 71. Rxf1 Rxf1 72. Kg5 Rf5+ 73. Kg6 Kf4 74. Kg7 Ke5
75. Kg6 Ke6 76. Kg7 Rg5+ 77. Kf8 Rg6 78. Ke8 Rg8# {White checkmated} 0-1

[Event "ICC tourney 1904 (10 3)"]
[Site "Internet Chess Club"]
[Date "2020.07.05"]
[Round "7"]
[White "Knightboy123"]
[Black "DrKnight01"]
[Result "1-0"]
[ICCResult "Black resigns"]
[WhiteElo "1295"]
[BlackElo "1255"]
[Opening "Ruy Lopez"]
[ECO "C70"]
[NIC "RL.09"]
[Time "15:43:29"]
[TimeControl "600+3"]

1. e4 e5 2. Nf3 Nc6 3. Bb5 a6 4. Ba4 Bd6 5. c3 b5 6. Bb3 Nf6 7. O-O Nxe4 8.
d4 O-O 9. dxe5 Bxe5 10. Nxe5 Nxe5 11. Bd5 Nf6 12. Bxa8 c6 13. Bg5 d5 14. Re1
Nc4 15. Bxc6 Nxb2 16. Qc2 Nc4 17. Nd2 Nxd2 18. Qxd2 {Black resigns} 1-0

[Event "ICC tourney 1904 (10 3)"]
[Site "Internet Chess Club"]
[Date "2020.07.05"]
[Round "7"]
[White "chesslead"]
[Black "Sricharan07"]
[Result "1/2-1/2"]
[ICCResult "Game drawn by repetition"]
[WhiteElo "1589"]
[BlackElo "1589"]
[Opening "French: Winawer, advance, poisoned pawn, Konstantinopolsky variation"]
[ECO "C18"]
[NIC "FR.11"]
[Time "15:43:58"]
[TimeControl "600+3"]

1. e4 e6 2. d4 d5 3. Nc3 Bb4 4. e5 c5 5. a3 Bxc3+ 6. bxc3 Ne7 7. Qg4 Qc7 8.
Qxg7 Rg8 9. Qxh7 cxd4 10. Ne2 dxc3 11. f4 Nbc6 12. Qd3 d4 13. Nxd4 Nxd4 14.
Qxd4 Bd7 15. Rb1 Nf5 16. Qf2 Qc6 17. Rg1 Qe4+ 18. Qe2 Qd4 19. Qf2 Qe4+ 20.
Qe2 Qd4 21. Qf2 Qe4+ 22. Qe2 {Game drawn by repetition} 1/2-1/2

[Event "ICC tourney 1904 (10 3)"]
[Site "Internet Chess Club"]
[Date "2020.07.05"]
[Round "7"]
[White "pipandchuk"]
[Black "blackmanrook"]
[Result "1-0"]
[ICCResult "Black checkmated"]
[WhiteElo "1387"]
[BlackElo "1631"]
[Opening "Caro-Kann defense"]
[ECO "B15"]
[NIC "CK.05"]
[Time "15:43:33"]
[TimeControl "600+3"]

1. e4 c6 2. Nc3 d5 3. d4 e6 4. Nf3 Nf6 5. Bg5 h6 6. Bh4 g5 7. Bg3 Bg7 8. Bd3
dxe4 9. Nxe4 g4 10. Nd6+ Kf8 11. Ne5 Qxd6 12. Ng6+ fxg6 13. Bxd6+ Kf7 14.
O-O Nbd7 15. Re1 Re8 16. c3 Nb6 17. Bc2 h5 18. Qd3 g5 19. Qg6+ Kg8 20. Be5
Nbd7 21. Qxg5 Nxe5 22. dxe5 Nd5 23. Rad1 Bd7 24. Bg6 Rf8 25. c4 Nb6 26. Qxh5
c5 27. Qh7# {Black checkmated} 1-0

[Event "ICC tourney 1904 (10 3)"]
[Site "Internet Chess Club"]
[Date "2020.07.05"]
[Round "7"]
[White "tigerche207"]
[Black "albli"]
[Result "1-0"]
[ICCResult "Black resigns"]
[WhiteElo "1526"]
[BlackElo "1574"]
[Opening "Sicilian defense"]
[ECO "B41"]
[NIC "SI.43"]
[Time "15:43:48"]
[TimeControl "600+3"]

1. e4 c5 2. Nf3 e6 3. d4 c4 4. Bxc4 d5 5. exd5 exd5 6. Bb3 Nf6 7. Bg5 Nc6 8.
Bxf6 Qxf6 9. Bxd5 Bd6 10. Nc3 O-O 11. O-O Bg4 12. Bxc6 bxc6 13. Ne4 Qg6 14.
Nxd6 Qxd6 15. c3 Qg6 16. Kh1 Rad8 17. h3 Bh5 18. g4 Bxg4 19. hxg4 Qxg4 20.
Nh2 Qh3 21. Qg4 Qxg4 22. Nxg4 Rd5 23. Rg1 Rh5+ 24. Kg2 Rg5 25. Kf1 f5 26.
Ne3 Rh5 27. Re1 f4 28. Ng4 f3 29. Re3 Rhf5 30. Nh6+ {Black resigns} 1-0

[Event "ICC tourney 1904 (10 3)"]
[Site "Internet Chess Club"]
[Date "2020.07.05"]
[Round "7"]
[White "hursha6b5"]
[Black "NamanSingh283"]
[Result "0-1"]
[ICCResult "White resigns"]
[WhiteElo "1665"]
[BlackElo "1813"]
[Opening "Sicilian: dragon, Yugoslav attack, Rauser variation"]
[ECO "B76"]
[NIC "SI.17"]
[Time "15:43:19"]
[TimeControl "600+3"]

1. e4 c5 2. Nf3 d6 3. d4 cxd4 4. Nxd4 Nf6 5. Nc3 g6 6. Be3 Bg7 7. f3 O-O 8.
Qd2 Nc6 9. O-O-O d5 10. Qe1 e5 11. Nxc6 bxc6 12. exd5 Nxd5 13. Bc4 Be6 14.
Ne4 Rb8 15. h4 Qc7 16. Bc5 Rfd8 17. Bb3 a5 18. h5 gxh5 19. Rxh5 h6 20. Qg3
Nf4 21. Nf6+ Kh8 22. Re1 a4 23. Bxe6 Qa5 24. Rhxe5 Qd2+ 25. Kb1 Qd1+
{White resigns}
0-1

[Event "ICC tourney 1904 (10 3)"]
[Site "Internet Chess Club"]
[Date "2020.07.05"]
[Round "7"]
[White "capetarget"]
[Black "LChessMaster"]
[Result "1-0"]
[ICCResult "Black checkmated"]
[WhiteElo "1508"]
[BlackElo "1513"]
[Opening "Sicilian defense"]
[ECO "B30"]
[NIC "SI.31"]
[Time "15:43:40"]
[TimeControl "600+3"]

1. e4 c5 2. Nf3 Nc6 3. Nc3 d6 4. d4 cxd4 5. Nxd4 g6 6. Be3 Bg7 7. Bc4 Nf6 8.
f3 a6 9. Qd2 Bd7 10. O-O-O Ne5 11. Bb3 b5 12. Bh6 O-O 13. h4 Qb6 14. h5 Nc4
15. Bxc4 bxc4 16. Bxg7 Rab8 17. b3 Kxg7 18. hxg6 fxg6 19. Qh6+ Kf7 20. g4
cxb3 21. Nxb3 a5 22. g5 Qe3+ 23. Kb2 Rfc8 24. Rd3 Qf4 25. gxf6 Qxh6 26. Rxh6
a4 27. Nd5 exf6 28. Rxh7+ Ke6 29. Re7# {Black checkmated} 1-0

[Event "ICC tourney 1904 (10 3)"]
[Site "Internet Chess Club"]
[Date "2020.07.05"]
[Round "7"]
[White "spaceegg"]
[Black "ivo20"]
[Result "1-0"]
[ICCResult "Black resigns"]
[WhiteElo "1191"]
[BlackElo "1168"]
[Opening "Scotch game"]
[ECO "C45"]
[NIC "SO.04"]
[Time "15:44:43"]
[TimeControl "600+3"]

1. e4 e5 2. Nf3 Nc6 3. d4 exd4 4. Nxd4 Nxd4 5. Qxd4 Nf6 6. a3 c6 7. Nc3 Bc5
8. Qxc5 d6 9. Qe3 O-O 10. Bd2 Re8 11. f3 d5 12. Qd4 Be6 13. e5 Bf5 14. O-O-O
Nd7 15. f4 Nb6 16. h3 Be6 17. g4 f5 18. gxf5 Bxf5 19. Bd3 Bxd3 20. cxd3 Re6
21. f5 Re8 22. Rhg1 Qc7 23. Bf4 Nd7 24. e6 Nf6 25. Bxc7 {Black resigns} 1-0

[Event "ICC tourney 1904 (10 3)"]
[Site "Internet Chess Club"]
[Date "2020.07.05"]
[Round "7"]
[White "DankMemer"]
[Black "krishghosh"]
[Result "0-1"]
[ICCResult "White checkmated"]
[WhiteElo "1118"]
[BlackElo "1193"]
[Opening "Queen's pawn: Charlick (Englund) gambit"]
[ECO "A40"]
[NIC "QO.17"]
[Time "15:44:03"]
[TimeControl "600+3"]

1. d4 e5 2. dxe5 Nc6 3. Nf3 Qe7 4. Bf4 Qb4+ 5. Bd2 Qxb2 6. Nc3 Nb4 7. Rb1
Nxc2+ 8. Qxc2 Qxc2 9. Rd1 Bb4 10. e3 Bxc3 11. Bxc3 Qxc3+ 12. Ke2 Ne7 13. g3
O-O 14. Bg2 Ng6 15. Rhe1 Nxe5 16. Kf1 Nxf3 17. Bxf3 c6 18. Bg2 d5 19. Kg1
Be6 20. e4 dxe4 21. Bxe4 Rad8 22. Rc1 Qf6 23. Bg2 Bd5 24. Rcd1 Bxg2 25. Kxg2
Rxd1 26. Rxd1 Rd8 27. Rxd8+ Qxd8 28. h4 Qd2 29. Kh3 Qxa2 30. Kg4 f6 31. Kf5
Qxf2+ 32. Ke4 f5+ 33. Kd3 b5 34. Kc3 a5 35. Kd3 c5 36. Kc3 Qxg3+ 37. Kb2 b4
38. Kc2 a4 39. Kb2 c4 40. Ka2 Qf2+ 41. Kb1 c3 42. Ka1 Qb2# {White
checkmated} 0-1

[Event "ICC tourney 1904 (10 3)"]
[Site "Internet Chess Club"]
[Date "2020.07.05"]
[Round "7"]
[White "oxdidi"]
[Black "messyblaster"]
[Result "0-1"]
[ICCResult "White resigns"]
[WhiteElo "1105"]
[BlackElo "1350"]
[Opening "Scandinavian: Pytel-Wade variation"]
[ECO "B01"]
[NIC "SD.02"]
[Time "15:44:25"]
[TimeControl "600+3"]

1. e4 d5 2. exd5 Qxd5 3. Nc3 Qd6 4. d4 Nf6 5. Nf3 c6 6. Bc4 Bg4 7. Be3 e6 8.
O-O Be7 9. h3 Bxf3 10. Qxf3 Nbd7 11. Rad1 Nb6 12. Bb3 O-O 13. Bf4 Qd7 14.
Qg3 Nh5 15. Qg4 Nxf4 16. Qxf4 Nd5 17. Rd3 Nxf4 18. Rg3 Bb4 19. Ne4 Ne2+
{White resigns}
0-1

[Event "ICC tourney 1904 (10 3)"]
[Site "Internet Chess Club"]
[Date "2020.07.05"]
[Round "7"]
[White "ullchen"]
[Black "TheOrcaPro"]
[Result "1-0"]
[ICCResult "Black resigns"]
[WhiteElo "1444"]
[BlackElo "1440"]
[Opening "French: King's Indian attack"]
[ECO "C00"]
[NIC "FR.02"]
[Time "15:43:10"]
[TimeControl "600+3"]

1. e4 e6 2. d3 d5 3. Nd2 c5 4. Ngf3 Nc6 5. g3 Nf6 6. Bg2 Be7 7. O-O O-O 8.
e5 Nd7 9. Re1 Qc7 10. Qe2 b6 11. Nf1 Bb7 12. h4 Rfe8 13. Bf4 Ba6 14. Rad1
Nf8 15. c3 Ng6 16. Bc1 Rad8 17. h5 Nf8 18. h6 Ng6 19. hxg7 Kxg7 20. Qe3 d4
21. Qh6+ Kg8 22. Ng5 Bxg5 23. Bxg5 Ncxe5 24. Bf6 {Black resigns} 1-0

[Event "ICC tourney 1904 (10 3)"]
[Site "Internet Chess Club"]
[Date "2020.07.05"]
[Round "7"]
[White "ChessMonkey123"]
[Black "aquilesboy"]
[Result "0-1"]
[ICCResult "White resigns"]
[WhiteElo "1349"]
[BlackElo "1392"]
[Opening "Sicilian defense"]
[ECO "B44"]
[NIC "SI.39"]
[Time "15:43:18"]
[TimeControl "600+3"]

1. e4 c5 2. Nf3 e6 3. d4 cxd4 4. Nxd4 Nc6 5. Be3 Nf6 6. f3 Qa5+ 7. Qd2 Qxd2+
8. Nxd2 d5 9. Bb5 Bd7 10. exd5 Nxd5 11. Bf2 Bb4 12. c3 Ba5 13. Nc4 Bc7 14.
Nxc6 bxc6 15. Ba4 Nb6 16. Nxb6 axb6 17. Bc2 Ke7 18. O-O h5 19. Bh4+ f6 20.
Bg6 Rh6 21. Bc2 g5 22. Bf2 g4 23. fxg4 hxg4 24. g3 Rah8 25. Be3 Rxh2 26. Be4
Rxb2 27. Rf2 Rxf2 28. Bxf2 Ra8 29. c4 Ra3 30. Kg2 f5 31. Bc2 c5 32. Bb3 Bc6+
33. Kh2 Ra8 34. Kg1 Rh8 35. Be3 Rh1+ 36. Kf2 Rxa1 37. Bg5+ Kd7 38. Bf6 Rh1
39. Bh4 Rh2+ 40. Ke3 f4+ 41. Kd3 {White resigns} 0-1

[Event "ICC tourney 1904 (10 3)"]
[Site "Internet Chess Club"]
[Date "2020.07.05"]
[Round "7"]
[White "PearsonH"]
[Black "Nacaroa-Dan"]
[Result "0-1"]
[ICCResult "White resigns"]
[WhiteElo "1372"]
[BlackElo "1466"]
[Opening "Dutch"]
[ECO "A80"]
[NIC "HD.12"]
[Time "15:43:41"]
[TimeControl "600+3"]

1. d4 f5 2. Bf4 Nf6 3. e3 e6 4. Nf3 b6 5. Bd3 Bb7 6. Nbd2 Be7 7. c3 O-O 8.
O-O Ne4 9. h3 d6 10. Qc2 Nxd2 11. Nxd2 Nd7 12. c4 Qe8 13. Nf3 Bxf3 14. gxf3
Qh5 15. Kg2 Rf6 16. Be2 e5 17. dxe5 dxe5 {White resigns} 0-1

[Event "ICC tourney 1904 (10 3)"]
[Site "Internet Chess Club"]
[Date "2020.07.05"]
[Round "7"]
[White "PawnPower17"]
[Black "Lock5"]
[Result "0-1"]
[ICCResult "White resigns"]
[WhiteElo "1350"]
[BlackElo "1403"]
[Opening "Nimzovich-Larsen attack: modern variation"]
[ECO "A01"]
[NIC "VO.08"]
[Time "15:43:21"]
[TimeControl "600+3"]

1. b3 e5 2. Bb2 Nc6 3. e3 Nf6 4. Bb5 d6 5. d4 exd4 6. Bxc6+ bxc6 7. Qxd4 Be7
8. Nf3 O-O 9. c4 c5 10. Qc3 Bb7 11. Nbd2 h6 12. O-O a5 13. a4 Qd7 14. Rad1
Nh5 15. e4 Bf6 16. e5 Nf4 17. Rfe1 Qg4 18. g3 Nh3+ 19. Kf1 dxe5 20. Nxe5
Bxe5 21. Qxe5 Rad8 22. Qe2 Bg2+ {White resigns} 0-1

[Event "ICC tourney 1904 (10 3)"]
[Site "Internet Chess Club"]
[Date "2020.07.05"]
[Round "7"]
[White "Xqpnc28"]
[Black "CheddarCheng1"]
[Result "0-1"]
[ICCResult "White resigns"]
[WhiteElo "1159"]
[BlackElo "1341"]
[Opening "Ruy Lopez: Marshall counter-attack, 11...c6"]
[ECO "C89"]
[NIC "RL.17"]
[Time "15:44:03"]
[TimeControl "600+3"]

1. e4 e5 2. Nf3 Nc6 3. Bb5 a6 4. Ba4 Nf6 5. O-O Be7 6. Re1 b5 7. Bb3 O-O 8.
c3 d5 9. exd5 Nxd5 10. Nxe5 Nxe5 11. Rxe5 c6 12. Qe2 Bd6 13. Bxd5 Bxe5 14.
Bxc6 Bxh2+ 15. Kxh2 Qd6+ 16. Kg1 Qxc6 17. Qf3 Qxf3 18. gxf3 Bb7 19. d4 Bxf3
20. Nd2 Bd5 21. Nb3 Bxb3 22. axb3 f5 23. Bf4 Rfd8 24. Rd1 Kf7 25. d5 h6 26.
c4 bxc4 27. bxc4 Rac8 28. b3 g5 29. Be5 a5 30. d6 Rc5 31. Bc3 Ke6 32. Bg7 h5
33. Bh6 g4 34. Bf4 h4 35. Be3 Rxd6 36. Rxd6+ Kxd6 37. Bxc5+ Kxc5 38. Kg2 f4
39. Kf1 f3 40. Kg1 g3 41. fxg3 hxg3 42. Kf1 Kb4 43. Kg1 f2+ 44. Kf1 Kxb3 45.
c5 a4 46. c6 a3 47. c7 a2 48. Kg2 f1=Q+ 49. Kxf1 a1=Q+ 50. Kg2 Qc3
{White resigns}
0-1

[Event "ICC tourney 1904 (10 3)"]
[Site "Internet Chess Club"]
[Date "2020.07.05"]
[Round "7"]
[White "atharvamchess"]
[Black "Chessplayer44"]
[Result "0-1"]
[ICCResult "White checkmated"]
[WhiteElo "1253"]
[BlackElo "1523"]
[Opening "French: exchange variation"]
[ECO "C01"]
[NIC "FR.01"]
[Time "15:43:12"]
[TimeControl "600+3"]

1. e4 e6 2. d4 d5 3. exd5 exd5 4. Nf3 Bd6 5. Bd3 Ne7 6. c3 O-O 7. Be3 Bf5 8.
O-O Nd7 9. Bxf5 Nxf5 10. Qc2 Nh4 11. Nbd2 f5 12. Bg5 Nxf3+ 13. Nxf3 Qe8 14.
Rfe1 Qh5 15. Be7 Rf7 16. Bxd6 cxd6 17. h3 Raf8 18. Re2 Nf6 19. Rae1 Ne4 20.
Nd2 g5 21. f3 Ng3 22. Re8 g4 23. fxg4 fxg4 24. Rxf8+ Kxf8 25. Nf1 Ne4 26.
hxg4 Qxg4 27. Nh2 Qg3 28. Rf1 Qe3+ 29. Kh1 Ng3# {White checkmated} 0-1

[Event "ICC tourney 1904 (10 3)"]
[Site "Internet Chess Club"]
[Date "2020.07.05"]
[Round "7"]
[White "mdbgaccp"]
[Black "NSXchessplayer"]
[Result "1-0"]
[ICCResult "Black resigns"]
[WhiteElo "1575"]
[BlackElo "1404"]
[Opening "Ruy Lopez: Cozio defense"]
[ECO "C60"]
[NIC "RL.04"]
[Time "15:43:36"]
[TimeControl "600+3"]

1. e4 e5 2. Nf3 Nc6 3. Bb5 Nge7 4. c3 g6 5. O-O Bg7 6. Re1 O-O 7. d4 exd4 8.
cxd4 d5 9. e5 Be6 10. Ng5 a6 11. Nxe6 fxe6 12. Ba4 b5 13. Bb3 Nf5 14. Be3
Nxe3 15. fxe3 Qd7 16. Nc3 Rf7 17. e4 dxe4 18. d5 exd5 19. Qxd5 Rd8 20. e6
Qxd5 21. Bxd5 Re7 22. Bxc6 Bxc3 23. bxc3 Rxe6 24. Bxe4 Red6 25. Bf3 c5 26.
Rad1 Kf7 27. Rxd6 Rxd6 28. Rd1 Rb6 29. Rd7+ Kg8 30. Bd5+ Kh8 31. Kf2 h5 32.
Ke3 b4 33. Rb7 Rd6 34. c4 Rf6 35. Rc7 a5 36. Rc6 Rf8 37. Rxc5 a4 38. Ra5 b3
39. axb3 axb3 40. Rb5 Re8+ 41. Kf2 Rf8+ 42. Ke2 Re8+ 43. Kd2 Rf8 44. Rxb3
Rf2+ 45. Kd3 Rf8 46. c5 Kg7 47. c6 Rc8 48. Rb7+ Kf6 49. Kc4 Ke5 50. Bf3 Kd6
51. Rg7 {Black resigns} 1-0

[Event "ICC tourney 1904 (10 3)"]
[Site "Internet Chess Club"]
[Date "2020.07.05"]
[Round "7"]
[White "shamith"]
[Black "Grinch81"]
[Result "0-1"]
[ICCResult "White resigns"]
[WhiteElo "1399"]
[BlackElo "1263"]
[Opening "English opening"]
[ECO "A20"]
[NIC "EO.24"]
[Time "15:43:38"]
[TimeControl "600+3"]

1. c4 e5 2. g3 Nf6 3. Bg2 Nc6 4. Nc3 Bb4 5. Nd5 Bc5 6. d3 h6 7. Nf3 d6 8.
O-O Nxd5 9. cxd5 Ne7 10. e4 O-O 11. d4 exd4 12. Nxd4 Ng6 13. Be3 Ne5 14. Rc1
Bg4 15. f3 Bd7 16. Qe2 a6 17. Rc2 Bxd4 18. Bxd4 Bb5 19. Qd1 Bxf1 20. Kxf1
Qd7 21. Qc1 Rac8 22. Kg1 c6 23. dxc6 Rxc6 24. Rxc6 Qxc6 25. Qxc6 Nxc6 26.
Bc3 f5 27. exf5 Rxf5 28. f4 Rc5 29. Kf2 b5 30. a3 a5 31. Be4 b4 32. axb4
axb4 33. Bd2 d5 34. Bd3 Kf7 {White resigns} 0-1

[Event "ICC tourney 1904 (10 3)"]
[Site "Internet Chess Club"]
[Date "2020.07.05"]
[Round "7"]
[White "Priccchess"]
[Black "Jeffchess"]
[Result "1-0"]
[ICCResult "Black checkmated"]
[WhiteElo "1481"]
[BlackElo "1331"]
[Opening "French defense"]
[ECO "C00"]
[NIC "FR.01"]
[Time "15:43:29"]
[TimeControl "600+3"]

1. e4 e6 2. Nf3 d6 3. d4 a6 4. Bd3 h6 5. Be3 Be7 6. Nc3 Bd7 7. h3 Bh4 8. a3
Nc6 9. Nxh4 Qxh4 10. Qf3 Qe7 11. O-O-O O-O-O 12. Rhe1 Be8 13. d5 Ne5 14. Qe2
Nxd3+ 15. Qxd3 e5 16. f4 f6 17. fxe5 fxe5 18. Rf1 Nf6 19. Bg1 Bh5 20. g4 Bg6
21. Qe3 Rhf8 22. Bh2 Nd7 23. Bg3 Nc5 24. b4 Nd7 25. Kb2 Nb6 26. Kb3 Rf6 27.
Bh4 Rdf8 28. Bxf6 Rxf6 29. Rxf6 Qxf6 30. Qe2 Qh4 31. Qf3 Nd7 32. Rf1 Nf6 33.
Qe3 b6 34. Rf3 Be8 35. Rf1 Kd7 36. Qd3 b5 37. Qf3 Ke7 38. a4 c6 39. dxc6
Bxc6 40. axb5 axb5 41. Nd5+ Nxd5 42. exd5 Be8 43. Qf8+ Kd7 44. Qxg7+ Qe7 45.
Qxh6 Bf7 46. Qf6 Bxd5+ 47. Kb2 Qh7 48. Qf5+ Qxf5 49. Rxf5 Ke6 50. Rf2 e4 51.
Kc3 Ke5 52. Rf5+ Ke6 53. Kd4 Bc6 54. h4 d5 55. Re5+ Kf6 56. g5+ Kg6 57. Re6+
Kh5 58. Rxc6 Kxh4 59. Kxd5 Kxg5 60. Kxe4 Kg4 61. Rc5 Kg3 62. Rxb5 Kf2 63.
Rd5 Ke2 64. c4 Kf2 65. c5 Ke1 66. Ke3 Kf1 67. Kf3 Ke1 68. c6 Kf1 69. Rd1#
{Black checkmated}
1-0

[Event "ICC tourney 1904 (10 3)"]
[Site "Internet Chess Club"]
[Date "2020.07.05"]
[Round "7"]
[White "poohfur"]
[Black "MonkeyTown"]
[Result "1/2-1/2"]
[ICCResult "Game drawn by repetition"]
[WhiteElo "1271"]
[BlackElo "1355"]
[Opening "Petrov: French attack"]
[ECO "C42"]
[NIC "RG.03"]
[Time "15:43:40"]
[TimeControl "600+3"]

1. e4 e5 2. Nf3 Nf6 3. Nxe5 d6 4. Nf3 Nxe4 5. d3 Nf6 6. Nc3 d5 7. Bg5 Be7 8.
Qd2 O-O 9. Be2 Nc6 10. O-O-O Re8 11. Rhe1 Bg4 12. h3 Bh5 13. g4 Bg6 14. Bxf6
Bxf6 15. g5 Bxc3 16. Qxc3 d4 17. Qd2 Bh5 18. Nxd4 Nxd4 19. Bxh5 Qd5 20. Kb1
Qc5 21. c3 Ne6 22. d4 Qxg5 23. Qxg5 Nxg5 24. Bg4 Rad8 25. Kc2 Kf8 26. Re5
Rxe5 27. dxe5 Rxd1 28. Kxd1 Ke7 29. f4 Ne6 30. Bxe6 Kxe6 31. Ke2 Kf5 32. Ke3
c6 33. b4 b6 34. a4 a6 35. Kf3 h6 36. Ke3 g6 37. Kf3 f6 38. exf6 Kxf6 39.
Ke4 Ke6 40. h4 h5 41. a5 b5 42. Kd4 Kd6 43. Ke4 Ke6 44. Kd4 Kd6 45. Ke4 Ke6
46. Kd4 {Game drawn by repetition} 1/2-1/2

[Event "ICC tourney 1904 (10 3)"]
[Site "Internet Chess Club"]
[Date "2020.07.05"]
[Round "7"]
[White "babu12020"]
[Black "Chessmasterrus"]
[Result "0-1"]
[ICCResult "White resigns"]
[WhiteElo "1389"]
[BlackElo "1553"]
[Opening "Caro-Kann: exchange variation"]
[ECO "B13"]
[NIC "CK.02"]
[Time "15:43:40"]
[TimeControl "600+3"]

1. d4 c6 2. e4 d5 3. exd5 cxd5 4. Bd3 Nc6 5. c3 g6 6. h3 Bg7 7. Nf3 Nf6 8.
O-O O-O 9. Re1 Qc7 10. Bg5 Re8 11. Nbd2 e5 12. dxe5 Nxe5 13. Nxe5 Rxe5 14.
Nf3 Rxe1+ 15. Qxe1 Be6 16. Nd4 Bd7 17. Qd2 Re8 18. Rd1 Nh5 19. Be2 Bxd4 20.
cxd4 Ng7 21. Bf6 Qb6 22. Bd3 Qxf6 23. Qb4 b6 24. Bb5 Bxb5 25. Qxb5 Qe6 26.
Qa4 a5 27. Qb5 Nf5 28. Rd3 Kg7 29. g4 Qe1+ 30. Kg2 Nd6 31. Qd7 Qe4+ 32. Rf3
Qe6 33. Qc7 Ne4 34. Re3 Re7 35. Qd8 h5 36. f3 hxg4 37. hxg4 Rd7 38. Qb8 Qd6
39. Qxd6 Nxd6 40. Rc3 Nb5 41. Rb3 Nxd4 42. Rxb6 Nc2 43. Kf2 d4 44. Ke2 Nb4
45. Kd2 Nxa2 46. Rb5 Nb4 47. Rxa5 f6 48. Rb5 Nc6 49. f4 Kf7 50. Kd3 Ke6 51.
Rb6 Rd6 52. b4 Ne5+ 53. fxe5 Rxb6 54. exf6 Kxf6 55. Kxd4 Rxb4+ {White
resigns} 0-1

[Event "ICC tourney 1904 (10 3)"]
[Site "Internet Chess Club"]
[Date "2020.07.05"]
[Round "7"]
[White "hackerguru"]
[Black "NonnaThat"]
[Result "1/2-1/2"]
[ICCResult "Game drawn by mutual agreement"]
[WhiteElo "1451"]
[BlackElo "1812"]
[Opening "R?ti opening"]
[ECO "A30"]
[NIC "QP.10"]
[Time "15:43:37"]
[TimeControl "600+3"]

1. Nf3 c5 2. c4 g6 3. d4 cxd4 4. Qxd4 Nf6 5. Nc3 Bg7 6. Bg5 Nc6 7. Qd2 O-O
8. e4 d6 9. Be2 Be6 10. O-O Rc8 11. Bxf6 Bxf6 12. Nd5 Bxd5 13. cxd5 Ne5 14.
Nxe5 Bxe5 15. Rac1 Qb6 16. b3 a5 17. Bc4 f5 18. exf5 Rxf5 19. Bd3 Rxc1 20.
Qxc1 Rh5 21. h3 Qd4 22. Qe3 Kg7 23. Bc4 Rh4 24. Qg5 Bf6 25. Qe3 Re4 26. Qxd4
Bxd4 27. Rd1 Bc5 28. Kf1 Rf4 29. f3 Kf6 30. Ke2 Ke5 31. g3 Rf8 32. f4+ Ke4
33. Bd3+ Kxd5 34. Bxg6+ Ke6 35. Be4 b6 36. Rd5 h6 37. Rh5 Rf6 38. Kf3 Kf7
39. Rf5 {Game drawn by mutual agreement} 1/2-1/2

[Event "ICC tourney 1904 (10 3)"]
[Site "Internet Chess Club"]
[Date "2020.07.05"]
[Round "7"]
[White "Ben2008"]
[Black "Adhvaith0406"]
[Result "0-1"]
[ICCResult "White resigns"]
[WhiteElo "1298"]
[BlackElo "1403"]
[Opening "Sicilian: Najdorf, Byrne (English) attack"]
[ECO "B90"]
[NIC "SI.14"]
[Time "15:43:38"]
[TimeControl "600+3"]

1. e4 c5 2. Nf3 d6 3. d4 cxd4 4. Nxd4 Nf6 5. Nc3 a6 6. Be3 e5 7. Nb3 Be6 8.
Be2 Be7 9. Qd2 O-O 10. O-O b5 11. a3 Nbd7 12. f4 Rc8 13. f5 Bc4 14. Bd3 Nb6
15. Qf2 Na4 16. Nxa4 bxa4 17. Bb6 Qd7 18. Na5 Bxd3 19. cxd3 d5 20. Rfe1 d4
21. Nc4 Qb5 22. Rab1 Rxc4 23. dxc4 Qxb6 24. Kh1 Qc6 25. Qc2 Rc8 26. Rbc1 Ng4
27. Qe2 Ne3 28. Qd3 Rb8 29. Re2 Rb3 30. Qd2 Qxe4 31. c5 Qc6 32. Qa5 h6
{White resigns}
0-1

[Event "ICC tourney 1904 (10 3)"]
[Site "Internet Chess Club"]
[Date "2020.07.05"]
[Round "7"]
[White "imranchamp"]
[Black "jojoraman"]
[Result "1/2-1/2"]
[ICCResult "Game drawn by repetition"]
[WhiteElo "1268"]
[BlackElo "1211"]
[Opening "Giuoco Pianissimo"]
[ECO "C50"]
[NIC "IG.02"]
[Time "15:43:14"]
[TimeControl "600+3"]

1. e4 e5 2. Nf3 Nc6 3. Bc4 Bc5 4. d3 d6 5. O-O Nf6 6. c3 Bb6 7. h3 h6 8.
Nbd2 Be6 9. Bb5 Bd7 10. Ba4 O-O 11. Re1 Qe7 12. Bc2 Rfe8 13. b4 a6 14. a4
Kh8 15. Nf1 Kg8 16. Be3 d5 17. Bxb6 cxb6 18. Ng3 dxe4 19. Nxe4 Nxe4 20. Rxe4
f5 21. Re1 Qf6 22. Bb3+ Kh8 23. Qc2 Rac8 24. Qd2 Rcd8 25. Qc2 Rc8 26. Qd2
Rcd8 27. Qc2 Rc8 {Game drawn by repetition} 1/2-1/2

[Event "ICC tourney 1904 (10 3)"]
[Site "Internet Chess Club"]
[Date "2020.07.05"]
[Round "7"]
[White "JensenUVA"]
[Black "steinutz"]
[Result "0-1"]
[ICCResult "White checkmated"]
[WhiteElo "1451"]
[BlackElo "1581"]
[Opening "Ruy Lopez: classical defense, 4.c3"]
[ECO "C64"]
[NIC "RL.01"]
[Time "15:43:37"]
[TimeControl "600+3"]

1. e4 e5 2. Nf3 Nc6 3. Bb5 Bc5 4. c3 Nf6 5. O-O O-O 6. d4 exd4 7. cxd4 Be7
8. Nc3 d5 9. e5 Ne4 10. Bd3 Bg4 11. Nxe4 dxe4 12. Bxe4 Bxf3 13. Bxf3 Qxd4
14. Qxd4 Nxd4 15. Bxb7 Rab8 16. Be4 Ne2+ 17. Kh1 Nxc1 18. Raxc1 Rxb2 19.
Rxc7 Re8 20. Rd1 Kf8 21. f4 Rxa2 22. h3 Rd8 23. Rxd8+ Bxd8 24. Rb7 Ra4 25.
Bxh7 Bb6 26. g3 g6 27. f5 gxf5 28. Bxf5 Ra1+ 29. Kg2 Ra2+ 30. Kf3 Ra3+ 31.
Kg4 Bf2 32. Kg5 Bxg3 33. Kf6 Bh4# {White checkmated} 0-1